 Dungeon Crawl Stone Soup version 0.22.1-2-g9c5b331 (webtiles) character file.

79095 HoaS the Brawler (level 15, -22/107 HPs)
             Began as a Gargoyle Berserker on Dec 26, 2018.
             Was a High Priest of Trog.
             Killed from afar by a fire giant (31 damage)
             ... with a fireball
             ... on level 15 of the Dungeon.
             The game lasted 01:11:28 (23835 turns).

HoaS the Brawler (Gargoyle Berserker)              Turns: 23835, Time: 01:11:29

Health: -22/107    AC: 44    Str: 22    XL:     15   Next: 62%
Magic:  0/15       EV: 13    Int: 10    God:    Trog [*****.]
Gold:   339        SH:  0    Dex: 26    Spells: 14/14 levels left

rFire    . . .     SeeInvis .     - Unarmed
rCold    + . .     Gourm    .   (no shield)
rNeg     + . .     Faith    .   Q - +10 plate armour "Buf Zus" {Str+2 Dex+3 Stlth+}
rPois    ∞         Spirit   +   w - +2 helmet
rElec    +         Reflect  .   s - scarf {Spirit}
rCorr    .         Harm     .   N - +2 pair of gloves
MR       +....                  (no boots)
Stlth    ..........             (no amulet)
HPRegen  0.27/turn              G - +4 ring of dexterity
MPRegen  0.14/turn              y - ring of protection from cold

@: agile, flying
A: big wings, negative energy resistance 1, electricity resistance, unbreathing,
petrification resistance, rot immunity, AC +11
a: Stop Flying, Berserk, Trog's Hand, Brothers in Arms, Renounce Religion


You were on level 15 of the Dungeon.
You worshipped Trog.
Trog was extremely pleased with you.
You were hungry.

You visited 3 branches of the dungeon, and saw 23 of its levels.
You also visited: Sewer and Volcano.

You collected 2538 gold pieces.
You spent 2199 gold pieces at shops.

Inventory:

Armour
 f - a +2 cloak
 s - a scarf of spirit shield (worn)
 w - a +2 helmet (worn)
 N - a +2 pair of gloves (worn)
 Q - the +10 plate armour "Buf Zus" (worn) {Str+2 Dex+3 Stlth+}
   (You bought it in a shop on level 13 of the Dungeon)

   It affects your strength (+2).
   It affects your dexterity (+3).
   It makes you more stealthy.
Jewellery
 y - a ring of protection from cold (right hand)
 G - a +4 ring of dexterity (left hand)
Wands
 j - a wand of digging (38)
 t - a wand of random effects (67)
 u - a wand of scattershot (3)
 v - a wand of flame (71)
 B - a wand of iceblast (29)
 D - a wand of polymorph (56)
 F - a wand of disintegration (19)
 I - a wand of paralysis (38)
 O - a wand of acid (10)
Scrolls
 a - 14 scrolls of remove curse
 c - 8 scrolls of fog
 k - 15 scrolls of teleportation
 o - 3 scrolls of magic mapping
 x - 4 scrolls of fear
 z - 4 scrolls of blinking
 A - 3 scrolls of enchant weapon
 K - 2 scrolls of enchant armour
Potions
 d - 5 potions of lignification
 e - 8 potions of curing
 g - 17 potions of heal wounds
 h - a potion of invisibility
 i - 11 potions of might
 l - 6 potions of flight
 m - 5 potions of agility
 p - a potion of experience {unknown}
 q - 3 potions of resistance
 C - 2 potions of mutation
 E - 2 potions of cancellation
 J - a potion of magic
 L - a potion of berserk rage
 P - 3 potions of degeneration {unknown}
Comestibles
 b - 35 rations


   Skills:
 * Level 17.2 Fighting
 + Level 13.5 Armour
 - Level 1.5 Dodging
 * Level 17.3 Unarmed Combat


You had 14 spell levels left.
You didn't know any spells.
Your spell library was empty.

Dungeon Overview and Level Annotations

Branches:
Dungeon (15/15)            Temple (0/1) D:4            Lair (6/6) D:9
 Shoals (0/4) Lair:4       Spider (0/4) Lair:2        Slime (0/5) Lair:5
    Orc (2/2) D:9             Elf (0/3) Orc:2        Vaults (0/5) D:13
 Depths (0/5) D:15

Altars:
Ashenzari
Elyvilon
Gozag
Hepliaklqana
Makhleb
Nemelex Xobeh
Ru
Trog
Yredelemnul
The Shining One
Beogh
Jiyva

Shops:
D:6 ?!   D:8 !   D:13 [   Orc:1 :   Orc:2 !([[


Innate Abilities, Weirdness & Mutations

You are resistant to torment.
Your stone body is resilient. (AC +11)
You are immune to poison.
Your large and strong wings let you fly indefinitely.
You resist negative energy. (rN+)
You are resistant to electric shocks. (rElec)
You can survive without breathing.
You are immune to petrification.
You are immune to rotting.


Message History

The fireball explodes!
The fireball engulfs you!
The centaur shoots an arrow.
The arrow hits you but does no damage.
You hear a shout!
Things that are here:
a stone; 2 arrows The centaur shoots an arrow.
The arrow closely misses you.
The centaur warrior shoots an arrow.
The arrow barely misses you.
The tengu warrior throws a stone.
The stone hits you!
* * * LOW HITPOINT WARNING * * *
The fire giant points at you and mumbles some strange words.
The bolt of fire misses you.
Things that are here:
a stone; 2 arrows The centaur shoots an arrow.
The arrow hits you.
* * * LOW HITPOINT WARNING * * *
The centaur warrior shoots an arrow.
The arrow closely misses you.
The tengu warrior throws a stone.
The stone hits you but does no damage. The fire giant casts a spell at you.
The fireball explodes!
The fireball engulfs you!
You die...

## #. #... #.#
###.#.##.#
.........###
......§..(.
.≈≈#§§...(#
#≈§≈§≈#...############
≈≈≈.≈≈≈≈(((@[........#
§≈...§§Q(..#########.#
≈..>.§≈C≈..# #.#
§§...§§H).## #.#
§≈≈.§§§§..# #.#
#≈≈≈§§#c..# #.###
.≈≈#≈≈cc..# #)..#
...c..c..## ###.#
........## #.#


You could see a fire giant, a tengu warrior, a centaur warrior, a hippogriff and
3 centaurs.

Vanquished Creatures
  Kirke (D:14)
  A red draconian (Volcano)
  The ghost of poxu the Blocker, a journeyman MiFi of Okawaru (D:13)
  A dire elephant (Lair:6)
  Josephine (Orc:1)
  4 vault guards (D:12)
  4 hydras
  Erolcha (D:11)
  A catoblepas (Lair:6)
  A death knight (D:15)
  An ice dragon (Lair:2)
  8 two-headed ogres
  2 centaur warriors (D:13)
  10 death yaks (Lair:6)
  A deep troll shaman (Lair:6)
  8 orc high priests (Orc:2)
  Sonja (D:11)
  A skeletal warrior (D:12)
  A salamander mystic (Volcano)
  2 unseen horrors (D:14)
  An orb spider (Lair:2)
  5 cyclopes
  A manticore (D:11)
  4 salamanders (Volcano)
  Maurice (D:9)
  3 elephants (Lair:6)
  4 ugly things
  2 centaur zombies
  2 black mambas
  2 molten gargoyles (Volcano)
  3 spiny frogs
  A torpor snail (Lair:4)
  A centaur skeleton (D:14)
  An efreet (D:15)
  A kobold demonologist (D:14)
  A freezing wraith (D:14)
  7 komodo dragons
  A tengu conjurer (D:14)
  11 trolls
  5 polar bears (Lair:5)
  A merfolk (D:10)
  10 blink frogs
  Prince Ribbit (D:7)
  Grinder (D:4)
  9 slime creatures
  11 hippogriffs
  41 yaks
  2 shadows
  5 wyverns
  Eustachio (D:4)
  6 wraiths
  A basilisk (Lair:1)
  2 fire bats (Volcano)
  A hungry ghost (D:13)
  7 vampire mosquitoes
  Menkaure (D:4)
  3 wargs (Orc:2)
  5 porcupines
  4 water moccasins
  16 orc warriors
  A sky beast (D:6)
  2 necrophages
  2 black bears
  3 ice beasts
  3 wolves (Lair:6)
  7 ogres
  20 centaurs
  15 crocodiles
  2 big kobolds
  13 bullfrogs
  Blork the orc (D:6)
  A wyvern zombie (D:11)
  A wyvern skeleton (D:7)
  12 scorpions
  8 killer bees
  7 wights
  2 electric eels (Lair:2)
  7 howler monkeys
  7 crimson imps
  4 lava snakes (Volcano)
  2 bullfrog zombies
  2 quasits
  7 hounds
  A jelly (D:15)
  A bullfrog skeleton (D:13)
  35 orc priests
  25 orc wizards
  An iguana (D:9)
  11 worker ants
  A hound skeleton (D:5)
  29 adders
  4 gnolls (D:5)
  2 howler monkey skeletons
  A river rat (Sewer)
  4 shadow imps
  6 oozes
  An adder zombie (D:9)
  An adder skeleton (D:4)
  6 worms
  A dart slug (D:4)
  5 leopard geckos
  115 orcs
  4 giant cockroaches
  6 goblins
  4 hobgoblins
  21 jackals
  3 quokkas
  10 ball pythons
  8 bats
  5 frilled lizards
  A giant cockroach zombie (D:6)
  24 kobolds
  30 rats
731 creatures vanquished.

Vanquished Creatures (collateral kills)
  An orc high priest (Orc:2)
  3 elephants (Lair:6)
  3 orc priests (Orc:2)
  4 orcs (Orc:2)
11 creatures vanquished.

Vanquished Creatures (others)
  A shadow (D:14)
  5 humans (D:14)
  A water moccasin (D:14)
  A crimson imp (D:14)
  A hound (D:14)
  11 fungi
  8 plants
28 creatures vanquished.

Grand Total: 770 creatures vanquished

Notes
Turn   | Place    | Note
-------+----------+-------------------------------------------
     0 | D:1      | HoaS the Gargoyle Berserker began the quest for the Orb.
     0 | D:1      | Reached XP level 1. HP: 14/14 MP: 1/1
    86 | D:1      | Reached XP level 2. HP: 19/19 MP: 2/2
   448 | D:1      | Reached XP level 3. HP: 20/23 MP: 3/3
   935 | D:2      | Found a white marble altar of Elyvilon.
   959 | D:2      | Reached ** piety under Trog
  1061 | D:2      | Reached XP level 4. HP: 25/28 MP: 4/4
  1164 | D:2      | Reached skill level 5 in Unarmed Combat
  1565 | D:2      | Reached XP level 5. HP: 32/32 MP: 5/5
  2031 | D:3      | Reached *** piety under Trog
  2056 | D:3      | Reached XP level 6. HP: 12/38 MP: 6/6
  2337 | D:3      | Found a hazy altar of Hepliaklqana.
  2456 | D:4      | Noticed Grinder
  2523 | D:4      | Found a staircase to the Ecumenical Temple.
  2535 | D:4      | Reached skill level 5 in Fighting
  2563 | D:4      | Paralysed by Grinder for 7 turns
  2573 | D:4      | Killed Grinder
  2573 | D:4      | Reached XP level 7. HP: 27/44 MP: 7/7
  2808 | D:4      | Noticed Eustachio
  2863 | D:4      | Killed Eustachio
  3069 | D:4      | Noticed Menkaure
  3077 | D:4      | Killed Menkaure
  3077 | D:4      | Reached XP level 8. HP: 52/52 MP: 8/8
  3340 | D:4      | Found a basalt altar of Yredelemnul.
  3342 | D:4      | Noticed a profane servitor
  3360 | D:4      | Found a glowing golden altar of the Shining One.
  3394 | D:4      | Noticed an angel
  3430 | D:5      | Entered Level 5 of the Dungeon
  3736 | D:5      | Found a glowing drain.
  3795 | Sewer    | Entered a sewer
  3874 | Sewer    | Reached **** piety under Trog
  4063 | Sewer    | Reached skill level 5 in Armour
  4462 | D:5      | Found an opulent altar of Gozag.
  4532 | D:5      | Found a burning altar of Makhleb.
  4788 | D:6      | Reached XP level 9. HP: 55/59 MP: 9/9
  4866 | D:6      | Reached ***** piety under Trog
  4970 | D:6      | Found Pataxocsu's Magic Scroll Shop.
  4973 | D:6      | Bought a scroll of identify for 26 gold pieces
  4973 | D:6      | Bought a scroll of teleportation for 39 gold pieces
  4985 | D:6      | Noticed Blork the orc
  5002 | D:6      | Killed Blork the orc
  5029 | D:6      | Found Oqoutima's Distillery.
  5036 | D:6      | Bought a potion of heal wounds for 70 gold pieces
  6386 | D:7      | Noticed Prince Ribbit
  6764 | D:7      | Killed Prince Ribbit
  6840 | D:8      | Found a sparkling altar of Nemelex Xobeh.
  6904 | D:8      | Reached XP level 10. HP: 67/67 MP: 10/10
  7153 | D:8      | Received a gift from Trog
  7198 | D:8      | Found a shattered altar of Ashenzari.
  7270 | D:8      | Found Milamura's Distillery.
  7279 | D:8      | Bought a potion of heal wounds for 70 gold pieces
  7279 | D:8      | Bought a potion of heal wounds for 70 gold pieces
  7476 | D:8      | Reached skill level 10 in Unarmed Combat
  7945 | D:9      | Reached skill level 10 in Fighting
  8730 | D:9      | Found a staircase to the Orcish Mines.
  8767 | D:9      | Found a staircase to the Lair.
  8985 | D:9      | Found a sacrificial altar of Ru.
  9117 | D:10     | Entered Level 10 of the Dungeon
  9145 | D:10     | Reached XP level 11. HP: 71/74 MP: 11/11
  9277 | D:10     | Noticed a two-headed ogre
  9295 | D:10     | Killed a two-headed ogre
 10055 | D:11     | Noticed Sonja
 10061 | D:11     | Noticed Erolcha
 10141 | D:11     | Killed Sonja
 10156 | D:11     | Killed Erolcha
 10248 | D:11     | Got a twisted plate armour
 10259 | D:11     | Identified the +6 plate armour of the Forgotten People {rF+
                  | Str+3 Int+3} (You found it on level 11 of the Dungeon)
 10259 | D:11     | Noticed a manticore
 10267 | D:11     | Killed a manticore
 10598 | D:11     | Noticed a cyclops
 10599 | D:11     | Noticed a red ugly thing
 10611 | D:11     | Killed a cyclops
 10614 | D:11     | Killed a red ugly thing
 11024 | D:11     | Got a faintly glowing plate armour
 11035 | D:11     | Identified the +5 plate armour of the Arcane {Str+3} (You
                  | found it on level 11 of the Dungeon)
 11107 | D:11     | Noticed a cyclops
 11116 | D:11     | Killed a cyclops
 11205 | D:11     | Received a gift from Trog
 11550 | D:12     | Reached XP level 12. HP: 81/81 MP: 12/12
 11792 | D:12     | Noticed a two-headed ogre
 11802 | D:12     | Killed a two-headed ogre
 11802 | D:12     | Reached skill level 10 in Armour
 11979 | D:12     | Noticed a two-headed ogre
 11990 | D:12     | Killed a two-headed ogre
 12198 | Lair:1   | Entered Level 1 of the Lair of Beasts
 13057 | Lair:2   | Found a hole to the Spider Nest.
 13715 | Lair:2   | Noticed an ice dragon
 13742 | Lair:2   | Killed an ice dragon
 14023 | Lair:3   | Found a dark tunnel.
 14029 | Volcano  | Entered a volcano
 14468 | Volcano  | Found a burning altar of Makhleb.
 14487 | Volcano  | Reached XP level 13. HP: 53/88 MP: 8/13
 14576 | Volcano  | Noticed a red draconian
 14592 | Volcano  | Killed a red draconian
 15992 | Lair:4   | Found a staircase to the Shoals.
 16388 | Lair:5   | Reached skill level 15 in Unarmed Combat
 16588 | Lair:4   | Reached ****** piety under Trog
 16827 | Lair:5   | Received a gift from Trog
 16928 | Lair:5   | Found a viscous altar of Jiyva.
 16929 | Lair:5   | Found a staircase to the Slime Pits.
 17441 | Lair:6   | Entered Level 6 of the Lair of Beasts
 17829 | Lair:6   | Gained mutation: Your large and strong wings let you fly
                  | indefinitely. [Gargoyle growth]
 17829 | Lair:6   | Reached XP level 14. HP: 96/96 MP: 11/14
 17834 | Lair:6   | Reached skill level 15 in Fighting
 18692 | Lair:6   | Noticed a dire elephant
 18704 | Lair:6   | Killed a dire elephant
 19047 | Orc:1    | Entered Level 1 of the Orcish Mines
 19244 | Orc:1    | Noticed Josephine
 19266 | Orc:1    | Killed Josephine
 19399 | Orc:1    | Received a gift from Trog
 19401 | Orc:1    | Noticed Maurice
 19615 | D:9      | Killed Maurice
 19746 | Orc:1    | Found a roughly hewn altar of Beogh.
 19768 | Orc:1    | Found Kociokog's Book Emporium.
 19862 | Orc:1    | Found a roughly hewn altar of Beogh.
 20004 | Orc:2    | Entered Level 2 of the Orcish Mines
 20008 | Orc:2    | Found a bloodstained altar of Trog.
 20070 | Orc:2    | Found a staircase to the Elven Halls.
 20077 | Orc:2    | Found a labyrinth entrance.
 20488 | Orc:2    | Received a gift from Trog
 20543 | Orc:2    | Found a roughly hewn altar of Beogh.
 20598 | Orc:2    | Found Uvvugaet's Distillery.
 20598 | Orc:2    | Found Dylollod's Antique Weapon Boutique.
 20604 | Orc:2    | Bought a potion of agility for 60 gold pieces
 20604 | Orc:2    | Bought 2 potions of heal wounds for 150 gold pieces
 20604 | Orc:2    | Bought a potion of heal wounds for 75 gold pieces
 20604 | Orc:2    | Bought a potion of agility for 60 gold pieces
 20604 | Orc:2    | Bought a potion of agility for 60 gold pieces
 20604 | Orc:2    | Bought a potion of agility for 60 gold pieces
 20604 | Orc:2    | Bought a potion of agility for 60 gold pieces
 21120 | Orc:2    | Found Mituontu's Armour Boutique.
 21145 | Orc:2    | Found Ylail's Armour Shoppe.
 21184 | Orc:2    | Bought a +2 pair of gloves for 280 gold pieces
 21755 | D:13     | Found a gate to the Vaults.
 21758 | D:13     | Reached XP level 15. HP: 105/105 MP: 15/15
 21999 | D:13     | Received a gift from Trog
 22037 | D:13     | Found Roywn's Armour Shoppe.
 22048 | D:13     | Bought the +10 plate armour "Buf Zus" {Str+2 Dex+3 Stlth+}
                  | for 1119 gold pieces
 22104 | D:13     | Found a runed door.
 22191 | D:13     | Noticed poxu's ghost (journeyman MiFi)
 22207 | D:13     | Killed poxu's ghost
 22550 | D:14     | Noticed Kirke
 22565 | D:14     | Killed Kirke
 23601 | D:15     | Entered Level 15 of the Dungeon
 23815 | D:15     | Found a staircase to the Depths.
 23815 | D:15     | Noticed a fire giant
 23835 | D:15     | Killed from afar by a fire giant

Skill      XL: |  1  2  3  4  5  6  7  8  9 10 11 12 13 14 15 |
---------------+----------------------------------------------+-----
Unarmed Combat | 4 5 6 7 8 9 11 12 14 15 16 17 | 17.3
Fighting       | 4 5 6 7 9 11 12 13 14 16 17 | 17.2
Armour         | 3 4 5 6 8 9 11 12 13 | 13.5
Dodging        | |  1.5

Action                   |  1- 3 |  4- 6 |  7- 9 | 10-12 | 13-15 || total
-------------------------+-------+-------+-------+-------+-------++-------
Melee: Unarmed           |   142 |   234 |   629 |   889 |  1303 ||  3197
       Punch             |       |     8 |    24 |    46 |   102 ||   180
Invok: Trog's Hand       |       |     2 |     3 |     3 |     6 ||    14
       Berserk           |       |     2 |     1 |     3 |     2 ||     8
       Brothers in Arms  |       |       |       |       |     3 ||     3
 Abil: Fly               |       |       |       |       |     1 ||     1
  Use: Scroll            |     3 |       |    13 |    16 |     4 ||    36
       Potion            |       |       |       |       |     4 ||     4
 Stab: Sleeping          |     1 |       |       |       |       ||     1
       Petrified         |       |       |       |       |     6 ||     6
       Invisible         |       |       |       |       |     1 ||     1
  Eat: Chunk             |     1 |     6 |    18 |    27 |    44 ||    96
Armor: Animal skin       |    18 |       |       |       |       ||    18
       Scale mail        |    45 |   122 |   440 |   139 |       ||   746
       Plate armour      |       |       |       |   591 |  1125 ||  1716
Dodge: Dodged            |    80 |   113 |   378 |   324 |   460 ||  1355
